Map: Ice and Chrome LE

Players

Future

  • Race: Terran Terran
  • Spawn Location: 1:00

Neeb - Winner!

  • Race: Protoss Protoss
  • Spawn Location: 7:00

Event: DreamHack SC2 Masters 2020 Summer North America

VOD

Have the link to the VOD?

Description

Time

  • Played on: July 11, 2020, 4:26 p.m.
  • Length: 13:02

All games in this series

Show
View Real Time Build Order
Export as new Build Order

Future Terran 

Build Orders: Reaper Expand 

Get SALT Encoding   

  12  0:00  SCV  
  13  0:13  SCV  
  14  0:17  Supply Depot  
  14  0:25  SCV  
  15  0:38  SCV  
  15  0:40  Barracks  
  16  0:43  Refinery  
  16  0:50  SCV  
  17  1:02  SCV  
  18  1:15  SCV  
  19  1:27  Orbital Command, Reaper  
  20  1:41  Command Center  
  20  1:53  SCV  
  21  2:00  Barracks Reactor  
  21  2:02  Barracks  
  21  2:05  SCV  
  21  2:08  Supply Depot  
  22  2:14  Refinery  
  22  2:17  SCV  
  23  2:29  Factory  
  23  2:30  SCV  
  23  2:37  Marine x2  
  24  2:42  SCV  
  27  2:49  Barracks Tech Lab  
  27  2:53  Orbital Command  
  27  2:54  SCV  
  27  2:57  Marine  
  29  2:58  Marine  
  30  3:07  SCV  
  30  3:10  Stimpack  
  31  3:17  Marine  
  31  3:18  Marine x2  
  34  3:25  Starport  
  34  3:26  Factory Tech Lab  
  34  3:29  SCV x2  
  36  3:35  Marine x2  
  36  3:36  Marine  
  36  3:39  Supply Depot  
  39  3:43  SCV x2  
  40  3:48  Siege Tank  
  40  3:53  Marine x2  
  40  3:55  Marine  
  46  4:01  SCV x2  
  48  4:03  Supply Depot  
  48  4:11  Marine x2  
  48  4:13  Marine  
  51  4:18  Supply Depot  
  51  4:20  Siege Tank  
  54  4:24  Medivac  
  54  4:26  SCV  
  54  4:28  SCV  
  54  4:29  Marine x2  
  54  4:30  Marine  
  61  4:34  Supply Depot  
  61  4:40  SCV x2  
  61  4:45  Supply Depot  
  63  4:46  Marine  
  63  4:47  Marine  
  63  4:48  Marine  
  63  4:52  Combat Shield, Refinery  
  66  4:55  SCV  
  66  4:56  SCV  
  67  5:06  Marine x3  
  70  5:07  SCV  
  70  5:11  Starport Reactor  
  70  5:12  Siege Tank  
  74  5:14  SCV  
  74  5:16  Supply Depot  
  74  5:20  SCV  
  76  5:24  Marine x2  
  78  5:29  Marine  
  78  5:34  SCV  
  78  5:35  SCV  
  79  5:42  Marine x2  
  73  5:46  SCV  
  73  5:47  Marine, SCV  
  66  5:52  Medivac  
  63  5:59  Marine, Engineering Bay, SCV  
  63  6:00  Marine, SCV  
  63  6:01  Bunker  
  63  6:02  Refinery  
  67  6:04  Marine  
  68  6:11  SCV  
  68  6:13  SCV, Barracks  
  68  6:16  Barracks  
  67  6:20  Starport, Concussive Shells  
  67  6:23  Barracks  
  65  6:27  Marauder, Marine x2  
  65  6:29  Terran Infantry Weapons Level 1  
  69  6:33  Supply Depot  
  69  6:45  Marine x2  
  71  6:49  Marauder  
  71  6:56  Supply Depot  
  71  6:59  Starport Reactor  
  71  7:02  Barracks Reactor  
  71  7:03  Marine x2  
  71  7:06  Barracks Tech Lab  
  73  7:10  Marauder, Barracks Tech Lab  
  73  7:11  Command Center  
  73  7:15  SCV x2  
  77  7:20  Factory  
  77  7:21  Marine x2  
  79  7:28  SCV x2  
  81  7:30  Marauder x2  
  81  7:31  Marauder  
  87  7:40  Marine x2, SCV x2, Medivac x2  
  87  7:41  Marine x2  
  97  7:52  SCV x2  
  98  8:04  SCV x2  
  99  8:06  Factory Tech Lab  
  99  8:10  Medivac x2  
  99  8:12  Marauder x3  
  106  8:16  SCV x2  
  104  8:23  Terran Infantry Armor Level 1  
  101  8:28  SCV x2  
  101  8:31  Marine x2  
  101  8:33  Marauder x2, Marine  
  110  8:51  Supply Depot x2  
  110  9:00  Siege Tank, Marine x4, SCV x2, Viking x2  
  110  9:01  Marauder  
  125  9:11  Ghost Academy  
  125  9:13  Marauder x2  
  129  9:18  Marine x4  
  129  9:20  Orbital Command  
  129  9:22  Marauder  
  129  9:23  SCV x2  
  137  9:29  Refinery  
  137  9:31  Viking x2  
  141  9:43  Enhanced Shockwaves  
  141  9:47  Supply Depot  
  141  9:48  Siege Tank, Marine x3  
  141  9:49  Refinery  
  141  9:50  Supply Depot x2  
  141  9:51  Marine  
  148  10:07  Marine  
  148  10:08  Ghost  
  148  10:09  Marine x2, Viking x2  
  148  10:11  Marine, Ghost x2  
  160  10:25  Siege Tank, Marine  
  160  10:26  Marine x2  
  165  10:29  Marine, Missile Turret  
  165  10:30  Missile Turret  
  166  10:37  Ghost  
  166  10:39  Viking x2  
  166  10:42  Supply Depot  
  172  10:43  Supply Depot, Ghost x2  
  176  10:50  Marine x3  
  176  10:51  Marine  
  178  10:58  Armory  
  178  10:59  Engineering Bay  
  178  11:01  Siege Tank  
  162  11:21  SCV x2  
  147  11:30  Marauder, SCV  
  147  11:31  Marauder x2  
  140  11:33  SCV  
  132  11:43  Marine x2  
  127  11:49  Marine  
  127  11:52  Marauder x3  
  134  11:57  Marine  
  134  12:01  Marine x2  
  135  12:07  SCV  
  135  12:08  SCV x2  
  140  12:13  Marauder  
  134  12:25  Marauder  
  136  12:31  Marauder  
  136  12:35  Marauder  
  137  12:39  Marine  
Show
View Real Time Build Order
Export as new Build Order

Neeb Protoss - Winner!

Build Orders: 1 Gate Expand, Phoenix Opening 

Get SALT Encoding   

  12  0:00  Probe  
  13  0:12  Probe  
  14  0:16  Pylon  
  14  0:24  Probe  
  15  0:32  Probe  
  15  0:36  Gateway  
  15  0:40  Probe  
  16  0:45  Assimilator  
  17  0:51  Probe  
  18  1:03  Probe  
  19  1:15  Probe  
  20  1:22  Nexus  
  20  1:32  Cybernetics Core  
  20  1:34  Probe  
  21  1:42  Assimilator  
  21  1:46  Probe  
  22  1:49  Pylon  
  22  1:54  Probe  
  22  1:59  Adept  
  23  2:03  Probe  
  24  2:14  Probe  
  27  2:22  Stargate  
  27  2:26  Probe  
  27  2:29  Adept  
  30  2:30  Probe  
  31  2:37  Warp Gate  
  31  2:38  Probe  
  31  2:39  Probe  
  33  2:48  Probe  
  33  2:50  Probe  
  35  2:59  Stalker, Phoenix  
  35  3:02  Probe x2  
  41  3:11  Pylon  
  41  3:14  Probe x2  
  43  3:22  Phoenix  
  43  3:26  Probe  
  46  3:28  Gateway  
  46  3:30  Probe  
  46  3:33  Gateway  
  47  3:38  Probe  
  48  3:42  Probe  
  48  3:47  Phoenix  
  48  3:48  Assimilator  
  51  3:50  Assimilator, Probe  
  51  3:54  Probe  
  53  3:57  Pylon  
  53  4:03  Probe  
  54  4:12  Robotics Facility  
  54  4:14  Pylon  
  54  4:15  Probe x2  
  56  4:17  Pylon  
  56  4:27  Stalker x2, Probe  
  56  4:28  Probe  
  56  4:29  Pylon  
  62  4:34  Sentry  
  64  4:42  Shield Battery  
  64  4:45  Shield Battery  
  64  4:48  Pylon  
  64  4:51  Immortal, Stalker x2  
  68  4:58  Stalker  
  74  5:09  Phoenix  
  74  5:11  Shield Battery  
  76  5:20  Adept  
  76  5:21  Adept, Robotics Bay  
  80  5:24  Stalker  
  80  5:28  Immortal  
  80  5:46  Probe  
  80  5:48  Stalker x3  
  79  6:00  Observer  
  79  6:04  Gateway, Pylon  
  79  6:06  Gateway  
  79  6:10  Warp Prism  
  80  6:11  Stalker x3  
  88  6:32  Colossus, Nexus  
  88  6:34  Nexus  
  88  6:37  Probe x2  
  90  6:49  Probe  
  90  6:50  Probe  
  98  6:56  Gravitic Drive  
  98  7:02  Probe  
  98  7:03  Probe  
  98  7:14  Probe  
  98  7:15  Probe  
  99  7:17  Pylon  
  99  7:18  Sentry  
  101  7:23  Pylon x2  
  101  7:24  Colossus  
  101  7:26  Pylon, Probe  
  101  7:29  Pylon  
  102  7:35  Probe  
  109  7:37  Shield Battery  
  109  7:42  Probe  
  110  7:44  Forge  
  110  7:46  Forge  
  110  7:51  Twilight Council  
  110  7:58  Probe  
  110  8:03  Probe x2  
  113  8:08  Protoss Ground Weapons Level 1  
  113  8:10  Protoss Ground Armor Level 1  
  113  8:13  Charge  
  113  8:23  Colossus, Probe x3  
  122  8:27  Assimilator  
  122  8:28  Assimilator  
  122  8:37  Templar Archives  
  122  8:39  Gateway  
  122  8:40  Gateway, Probe x2  
  124  8:41  Probe  
  124  8:42  Gateway  
  124  8:45  Pylon  
  125  8:49  Zealot x5  
  135  9:01  Nexus  
  135  9:12  Photon Cannon  
  135  9:14  High Templar  
  135  9:15  Pylon, High Templar x3, Zealot  
  145  9:19  Archon  
  145  9:20  Archon  
  145  9:26  Gateway  
  145  9:29  Pylon  
  145  9:30  Gateway  
  145  9:36  Photon Cannon  
  145  9:39  Warp Prism  
  145  9:43  High Templar x2  
  145  9:44  Zealot x2  
  153  9:50  High Templar x2, Zealot  
  153  9:51  Zealot  
  161  9:55  Archon  
  161  9:59  Robotics Facility  
  161  10:00  Archon  
  161  10:01  Probe x3  
  161  10:04  Blink  
  164  10:12  Protoss Ground Weapons Level 2  
  164  10:13  Protoss Ground Armor Level 2, Probe x3  
  167  10:14  Probe  
  167  10:19  Assimilator  
  167  10:20  Assimilator  
  167  10:21  Disruptor  
  171  10:38  Disruptor  
  169  10:46  Zealot x8  
  169  10:48  Shield Battery  
  188  10:50  Shield Battery  
  188  10:57  Disruptor  
  189  11:12  Disruptor  
  189  11:16  Zealot x2  
  194  11:19  Dark Shrine  
  194  11:23  Zealot x4, Pylon  
  194  11:24  Zealot x4  
  190  11:31  Disruptor  
  184  11:34  Probe x2  
  184  11:39  Disruptor  
  164  12:01  Stalker x5  
  164  12:02  Stalker x5  
  164  12:26  Zealot x10  
  165  12:50  Stalker x4, Zealot x5  
Tags
 
Add a new tag
Caveats
  • Supply blocks, unpowered buildings, or Contaminate may cause inaccurate times.
  • Supply counts are checked every 10 seconds.